 Dungeon Crawl Stone Soup version 0.30-a0-830-gfe289a77b0 (webtiles) character file.

Game seed: 6173404382252706059

119 hawla the Firebug (level 4, 0/24 HPs)
             Began as a Deep Elf Fire Elementalist on Feb 28, 2023.
             Engulfed by a cloud of poison gas (1 damage)
             ... on level 4 of the Dungeon.
             The game lasted 00:08:59 (2408 turns).

hawla the Firebug (Deep Elf Fire Elementalist)      Turns: 2408, Time: 00:09:00

Health: 0/24       AC: 12    Str:  5    XL:     4   Next: 73%
Magic:  0/11       EV: 13    Int: 22    God:
Gold:   85         SH:  0    Dex: 18    Spells: 3/9 levels left

rFire   . . .      SeeInvis .    (no weapon)
rCold   . . .      Faith    .    (no shield)
rNeg    . . .      Spirit   .    a - +1 robe
rPois   .          Reflect  .    (no helmet)
rElec   .          Harm     .    (no cloak)
rCorr   .          Rampage  .    m - +0 pair of gloves
Will    .....                    (no boots)
Stlth   +++                      (no amulet)
HPRegen 0.24/turn                e - ring of the Centipede {AC+4 Dex+3 Stlth+}
MPRegen 0.12/turn                n - +4 ring of protection

@: lethally poisoned (0 -> -33), weak-willed
A: no striking features
a: no special abilities


You were on level 4 of the Dungeon.
You visited 1 branch of the dungeon, and saw 4 of its levels.

You collected 85 gold pieces.

Inventory:

Armour
 a - a +1 robe (worn)
 m - a +0 pair of gloves (worn)
Jewellery
 e - the ring of the Centipede (left hand) {AC+4 Dex+3 Stlth+}
   (You found it on level 2 of the Dungeon)

   [ring of protection]

   AC:        It affects your AC (+4).
   Dex:       It affects your dexterity (+3).
   Stlth:     It makes you more stealthy.
 n - a +4 ring of protection (right hand)
Wands
 o - a wand of iceblast (5)
Scrolls
 h - a scroll of vulnerability
 l - a scroll of identify
Potions
 c - a potion of curing
 d - a potion of lignification


   Skills:
 - Level 2.8 Dodging
 - Level 2.4 Stealth
 - Level 3.4 Spellcasting
 - Level 2.1 Conjurations
 + Level 1.9 Translocations
 - Level 4.3 Fire Magic
 + Level 1.7 Air Magic


You had 3 spell levels left.
You knew the following spells:

 Your Spells              Type           Power      Damage    Failure   Level
a - Foxfire               Conj/Fire      68%        2x1d7     3%          1
b - Scorch                Fire           44%        2d7       3%          2
c - Kindle Blastsparks    Fire/Tloc/Air  30%        2d12      12%         3

Your spell library contained the following spells:

 Spells                   Type           Power      Damage    Failure   Level
 Beastly Appendage        Tmut           6%         N/A       12%         1
 Inner Flame              Hex/Fire       13%        N/A       14%         3
 Wereblood                Tmut           3%         N/A       19%         2
 Spider Form              Tmut/Pois      3%         N/A       34%         3
 Flame Wave               Conj/Fire      17%        2d7       32%         4
 Summon Cactus Giant      Summ           1%         N/A       100%        6


Dungeon Overview and Level Annotations

Branches:
Dungeon (4/15)
 Temple: D:4-7

Altars:
Gozag
Hepliaklqana
Makhleb
Vehumet
Xom
Yredelemnul
The Shining One


Message History

As you read the scroll labelled ADUCWER NEX, it crumbles to dust.
It is a scroll of enchant armour.
Your +0 robe glows green for a moment.
The phantom misses you. The gnoll hits you but does no damage.
As you read the scroll labelled OKHLEE UWEIGINT, it crumbles to dust.
It is a scroll of identify.
You don't currently have any unidentified items.
The gnoll hits you from afar with a +0 spear.
The phantom hits you but does no damage.
Casting: Foxfire (safe; 3% risk of failure)
Confirm with . or Enter, or press ? or * to list all spells.
You conjure some foxfire!
The gnoll barely misses you.
The phantom hits you but does no damage.
Casting: Foxfire (safe; 3% risk of failure)
Confirm with . or Enter, or press ? or * to list all spells.
You conjure some foxfire!
The foxfire hits the gnoll.
The gnoll is lightly wounded.
The phantom hits you.
The phantom blinks!
You blink.
The gnoll bouda hits you but does no damage.
Unknown command.
Casting: Foxfire (safe; 3% risk of failure)
Confirm with . or Enter, or press ? or * to list all spells.
You conjure some foxfire!
You are engulfed in poison gas.
You are lethally poisoned!
* * * LOW HITPOINT WARNING * * *
You feel very sick.
The foxfire hits the gnoll but does no damage.
The gnoll is lightly wounded.
The foxfire hits the gnoll bouda but does no damage.
The gnoll bouda is moderately wounded.
The foxfire hits the gnoll bouda.
The gnoll bouda is heavily wounded.
The gnoll closely misses you. The phantom completely misses you.
The gnoll hits you but does no damage.
The gnoll bouda hits you with a +0 club.
* * * LOW HITPOINT WARNING * * *
Unknown command.
You are engulfed in poison gas.
You are more poisoned.
You die...

.. .# .### §§##
#☼§### #☼§#.# #
#§§#v# .#
####§○@W# ..#
#§§§g#gg###..#
#§##§#K§§§... #
# #K§S§§§§☼##.#
.##S#.##§....
#'#<.......#
........##...>.#
..!.....'.#..#.#
........#. ..#
..


You could see a phantom (weak-willed, ally target), a gnoll bouda (weak-willed),
2 gnolls, a ball python and a kobold.

Vanquished Creatures
  An orc priest (D:3)
  A gnoll (D:4)
  An adder (D:2)
  3 shadow imps (D:3)
  A worm (D:2)
  2 dart slugs (D:2)
  2 orcs (D:3)
  3 ball pythons
  2 bats
  4 endoplasms (D:2)
  4 giant cockroaches
  3 goblins
  3 hobgoblins (D:2)
  3 quokkas (D:2)
  2 frilled lizards (D:2)
  2 kobolds (D:2)
  3 rats (D:2)
40 creatures vanquished.

Vanquished Creatures (collateral kills)
  A foxfire (D:3)
1 creature vanquished.

Vanquished Creatures (others)
  93 foxfires
  A plant (D:3)
94 creatures vanquished.

Grand Total: 135 creatures vanquished

Notes
Turn   | Place    | Note
-------+----------+-------------------------------------------
     0 | D:1      | hawla the Deep Elf Fire Elementalist began the quest for
                  | the Orb.
     0 | D:1      | Reached XP level 1. HP: 10/10 MP: 6/6
    79 | D:2      | Reached XP level 2. HP: 15/15 MP: 1/8
   174 | D:2      | Identified the ring of the Centipede {AC+4 Dex+3 Stlth+}
   323 | D:2      | Reached skill level 4 in Fire Magic
   568 | D:2      | Reached XP level 3. HP: 19/19 MP: 5/9
   606 | D:2      | Learned a level 2 spell: Scorch
  1410 | D:3      | Found a burning altar of Makhleb.
  1426 | D:3      | Found a transporter.
  1435 | D:3      | Found a transporter.
  1500 | D:3      | Found a shimmering altar of Xom.
  1581 | D:3      | Found a basalt altar of Yredelemnul.
  1678 | D:3      | Learned a level 3 spell: Kindle Blastsparks
  1794 | D:3      | Found a glowing golden altar of the Shining One.
  1858 | D:3      | Found an opulent altar of Gozag.
  1858 | D:3      | Found a hazy altar of Hepliaklqana.
  1868 | D:3      | Found a radiant altar of Vehumet.
  2264 | D:3      | Reached skill level 1 in Translocations
  2264 | D:3      | Reached XP level 4. HP: 8/24 MP: 4/11
  2269 | D:3      | Reached skill level 1 in Air Magic
  2387 | D:4      | Noticed a phantom
  2407 | D:4      | HP: 1/24 [gnoll bouda/+0 club (1)]
  2408 | D:4      | Engulfed by a cloud of poison gas

Illustrated notes

Levels and vault maps discovered:
D:1:      nagdon_arrival_double_spiral, layout_basic, minmay_small_reverse_x
D:2:      minmay_skewed_foursquare, layout_basic, serial_corexii_hall,
          corexii_hall_statues_deadend, chequers_hall_statues_corner_a,
          corexii_hall_statues_t, chequers_hall_statues_y, hex_medium
D:3:      gammafunk_wand_slinger, layout_basic, mainiacjoe_overflow_brackets,
          mainiacjoe_overflow_surrounded_room,
          nicolae_overflow_quartered_altars, mainiacjoe_overflow_tiny_flanked,
          saegor_snake_ambush
D:4:      minmay_chambers_of_threes, layout_basic, mainiacjoe_overflow_alcove_4,
          nicolae_overflow_hidden_temple, minmay_temple_entry_large_hall

Skill      XL: |  1  2  3  4 |
---------------+-------------+-----
Fire Magic     | 4 |  4.3
Conjurations   | 2 |  2.1
Translocations | 1 |  1.9
Air Magic      | 1 |  1.7
Dodging        | |  2.8
Stealth        | |  2.4
Spellcasting   | |  3.4

Action                     |  1- 3 |  4- 6 || total
---------------------------+-------+-------++-------
  Melee: Unarmed           |    11 |     5 ||    16
   Cast: Foxfire           |    49 |     6 ||    55
         Scorch            |    11 |     3 ||    14
         Kindle Blastspark |     1 |     1 ||     2
    Use: Potion            |     1 |     4 ||     5
         Scroll            |       |     5 ||     5
 Armour: Robe              |     6 |    17 ||    23
  Dodge: Dodged            |     8 |    15 ||    23

Table legend: (Time is in decaauts)
 A = Elapsed time spent in this place.
 B = Non-inter-level travel time spent in this place.
 C = Inter-level travel time spent in this place.
 D = Time resting spent in this place.
 E = Time spent auto-exploring this place.
 F = Levels seen in this place.
 G = Mean time per level.
                   A        B        C        D        E       F      G
               +--------+--------+--------+--------+--------+-----+--------+
         Total |   2430 |   2368 |     62 |     58 |   2001 |   4 |  607.5 |
       Dungeon |   2430 |   2368 |     62 |     58 |   2001 |   4 |  607.5 |
               +--------+--------+--------+--------+--------+-----+--------+

Top non-repeatable levels by time:
     D:2: 1318 daAuts
     D:3: 1021 daAuts
     D:1: 70 daAuts
     D:4: 20 daAuts
